 Dungeon Crawl Stone Soup version 0.22.0-2-ge58baed (webtiles) character file.

556 dakoteus the Cudgeler (level 7, -2/61 HPs)
             Began as a Minotaur Berserker on Aug 12, 2018.
             Was a Priest of Trog.
             Slain by a gnoll
             ... wielding a +0 flail
              (3 damage)
             ... on level 3 of the Dungeon.
             The game lasted 00:09:04 (3558 turns).

dakoteus the Cudgeler (Minotaur Berserker)          Turns: 3558, Time: 00:09:05

Health: -2/61      AC: 10    Str: 21    XL:     7   Next: 8%
Magic:  6/6        EV:  9    Int:  4    God:    Trog [***...]
Gold:   97         SH:  0    Dex: 12    Spells: 6/6 levels left

rFire    . . .     SeeInvis .   j - +0 flail
rCold    . . .     Gourm    .   (no shield)
rNeg     . . .     Faith    .   b - +0 chain mail
rPois    .         Spirit   .   (helmet restricted)
rElec    .         Reflect  .   q - +0 cloak
rCorr    .         Harm     .   (no gloves)
MR       +....                  (no boots)
Stlth    ..........             (no amulet)
HPRegen  0.20/turn              h - ring of protection from magic
MPRegen  0.10/turn              o - ring of stealth

@: berserk cooldown, very slightly contaminated, slowed, very slow
A: retaliatory headbutt, horns 2
a: Berserk, Trog's Hand, Renounce Religion


You were on level 3 of the Dungeon.
You worshipped Trog.
Trog was most pleased with you.
You were not hungry.

You visited 1 branch of the dungeon, and saw 3 of its levels.

You collected 97 gold pieces.

Inventory:

Hand Weapons
 a - a +0 mace
 j - a +0 flail (weapon)
Armour
 b - a +0 chain mail (worn)
 q - a +0 cloak (worn)
Jewellery
 h - a ring of protection from magic (left hand)
 o - a ring of stealth (right hand)
Wands
 s - a wand of random effects (29)
Scrolls
 d - a scroll of identify
 e - 2 scrolls of enchant armour
 i - 3 scrolls of remove curse {unknown}
 k - 3 scrolls of teleportation {unknown}
 t - a scroll of magic mapping {unknown}
Potions
 f - a potion of flight {unknown}
 m - a potion of lignification {unknown}
 n - 2 potions of agility {unknown}
 r - a potion of curing {unknown}
Comestibles
 c - 4 rations


   Skills:
 + Level 5.4 Fighting
 * Level 6.8 Maces & Flails
 + Level 4.5 Armour
 + Level 4.1 Dodging


You had 6 spell levels left.
You didn't know any spells.
Your spell library was empty.

Dungeon Overview and Level Annotations

Branches:
Dungeon (3/15)

Altars:
Elyvilon
Hepliaklqana
Ru
Uskayaw
Vehumet

Annotations:
D:1 1 exclusion


Innate Abilities, Weirdness & Mutations

You reflexively headbutt those who attack you in melee.
You have a pair of horns on your head.


Message History

You hit the gnoll shaman but do no damage.
The gnoll shaman is heavily wounded.
The gnoll hits you but does no damage. The gnoll shaman hits you with a whip.
* * * LOW HITPOINT WARNING * * *
The gnoll hits you from afar with a spear.
* * * LOW HITPOINT WARNING * * *
The gnoll shaman hits you but does no damage.
The gnoll hits you from afar with a halberd.
* * * LOW HITPOINT WARNING * * *
The gnoll hits you with a flail.
* * * LOW HITPOINT WARNING * * *
You sock the gnoll shaman!
The gnoll shaman is almost dead.
The gnoll hits you but does no damage.
The gnoll shaman hits you but does no damage.
The gnoll hits you but does no damage.
The gnoll hits you from afar with a halberd!
* * * LOW HITPOINT WARNING * * *
The gnoll hits you with a flail.
You die...

#.....
#########################.#..#
#.............................
#P...≈≈≈≈≈≈≈≈≈≈≈≈≈≈≈≈≈≈≈....≈≈
#....≈≈≈≈≈≈≈≈≈≈≈≈≈≈≈≈≈≈≈....≈≈
#....≈≈#####≈≈≈≈≈≈≈≈≈≈≈≈....≈≈
#....≈≈#.gg#..................
#...P≈≈#...#############''''##
#....≈≈###+#.@ggg#######gg..##
#....≈≈≈.# #..gg)g)gg)ggg...'.
#....≈≈≈.# #...g.#######gg..##
#....≈≈≈.# ####### ##''##
#.P..≈≈≈.# ..... #....≈≈≈.#
g.... #....≈≈≈.#


ggg.. #....≈≈≈.# O.... #....≈≈≈.# ++### You could see a gnoll shaman (inner
flame) and 8 gnolls.

Vanquished Creatures
  Grinder (D:3)
  Crazy Yiuf (D:2)
  2 gnoll shamans (D:3)
  An orc wizard (D:3)
  13 gnolls
  2 adders
  An ooze (D:3)
  3 dart slugs
  5 leopard geckos
  3 orcs (D:3)
  4 giant cockroaches
  10 goblins
  4 hobgoblins
  17 jackals
  A quokka (D:2)
  5 bats
  3 frilled lizards
  11 kobolds
  13 rats
100 creatures vanquished.

Notes
Turn   | Place    | Note
-------+----------+-------------------------------------------
     0 | D:1      | dakoteus the Minotaur Berserker began the quest for the Orb.
     0 | D:1      | Reached XP level 1. HP: 19/19 MP: 0/0
   490 | D:1      | Reached skill level 4 in Maces & Flails
   490 | D:1      | Reached XP level 2. HP: 20/27 MP: 1/1
  1459 | D:2      | Reached ** piety under Trog
  1482 | D:2      | Found a white marble altar of Elyvilon.
  1487 | D:2      | Found a radiant altar of Vehumet.
  1522 | D:2      | Reached XP level 3. HP: 33/33 MP: 2/2
  1742 | D:2      | Reached XP level 4. HP: 35/40 MP: 3/3
  1980 | D:2      | Found a hazy altar of Hepliaklqana.
  2141 | D:2      | Found a runed door.
  2208 | D:2      | Found a hide-covered altar of Uskayaw.
  2331 | D:2      | Reached skill level 5 in Maces & Flails
  2589 | D:2      | Noticed Crazy Yiuf
  2595 | D:2      | Killed Crazy Yiuf
  2706 | D:3      | Found a sacrificial altar of Ru.
  2775 | D:3      | Reached XP level 5. HP: 45/47 MP: 4/4
  2828 | D:3      | Noticed Grinder
  2837 | D:3      | Killed Grinder
  2837 | D:3      | Reached *** piety under Trog
  2837 | D:3      | Reached skill level 5 in Fighting
  2837 | D:3      | Reached skill level 6 in Maces & Flails
  2837 | D:3      | Reached XP level 6. HP: 50/56 MP: 5/5
  3223 | D:3      | Noticed an orc warrior
  3524 | D:3      | Reached XP level 7. HP: 61/61 MP: 6/6
  3558 | D:3      | HP: 1/61 [gnoll/halberd (7)]
  3558 | D:3      | Slain by a gnoll

Skill      XL: |  1  2  3  4  5  6 |
---------------+-------------------+-----
Maces & Flails | 4 5 6 |  6.8
Fighting       | 4 5 |  5.4
Armour         | 3 4 |  4.5
Dodging        | 3 4 |  4.1

Action                   |  1- 3 |  4- 6 |  7- 9 || total
-------------------------+-------+-------+-------++-------
Melee: Mace              |    71 |       |       ||    71
       Headbutt          |     8 |    24 |     3 ||    35
       Flail             |     3 |   150 |    19 ||   172
Invok: Berserk           |     1 |     2 |       ||     3
       Trog's Hand       |       |       |     1 ||     1
  Use: Scroll            |       |       |     4 ||     4
  Eat: Chunk             |     1 |     4 |       ||     5
       Ration            |     1 |     1 |       ||     2
Armor: Animal skin       |     4 |       |       ||     4
       Ring mail         |     1 |       |       ||     1
       Chain mail        |    52 |    67 |    25 ||   144
Dodge: Dodged            |    48 |    72 |    10 ||   130
